 Dungeon Crawl Stone Soup version 0.21.0 (webtiles) character file.

265 Hekarica the Sneak (level 6, -1/56 HPs)
             Began as a Naga Assassin on May 25, 2018.
             Was a Follower of Cheibriados.
             Slain by a scorpion (4 damage)
             ... on level 3 of the Dungeon.
             The game lasted 00:09:59 (2195 turns).

Hekarica the Sneak (Naga Assassin)                  Turns: 2195, Time: 00:09:59

Health: -1/56      AC:  7    Str: 17    XL:     6   Next: 20%
Magic:  6/6        EV: 11    Int: 14    God:    Cheibriados [*.....]
Gold:   130        SH:  0    Dex: 17    Spells: 5/5 levels left

rFire    . . .     SeeInvis +   m - +3 dagger (vamp)
rCold    . . .     Gourm    .   (no shield)
rNeg     . . .     Faith    .   l - +3 leather armour
rPois    +         Spirit   .   (no helmet)
rElec    .         Reflect  .   d - +0 cloak
rCorr    .         Harm     .   (no gloves)
MR       .....                  (no barding)
Stlth    ++++......             (no amulet)
HPRegen  0.18/turn              (no ring)
MPRegen  0.10/turn              (no ring)

@: lethally poisoned (-1 -> -8), very slow
A: large, see invisible, deformed body, poison resistance, slowness 2, slow
metabolism 1, spit poison 1, AC +2
a: Spit Poison, Bend Time, Renounce Religion


You were on level 3 of the Dungeon.
You worshipped Cheibriados.
Cheibriados was aware of your devotion.
You were not hungry.

You visited 1 branch of the dungeon, and saw 3 of its levels.

You collected 130 gold pieces.

Inventory:

Hand Weapons
 a - a +2 dagger
 b - a +0 blowgun
 m - a +3 vampiric dagger (weapon)
Missiles
 e - 8 poisoned needles
 f - 2 curare-tipped needles
Armour
 d - a +0 cloak (worn)
 l - a +3 leather armour (worn)
Jewellery
 i - a +3 ring of evasion {unknown}
Wands
 c - a wand of enslavement (13)
Scrolls
 r - a scroll of amnesia {unknown}
 s - 3 scrolls of identify
Comestibles
 g - 6 rations


   Skills:
 + Level 3.4 Fighting
 - Level 2.0 Short Blades
 - Level 1.7 Throwing
 * Level 3.5 Dodging
 + Level 7.5 Stealth


You had 5 spell levels left.
You didn't know any spells.

Dungeon Overview and Level Annotations

Branches:
Dungeon (3/15)

Altars:
Cheibriados
Dithmenos
Hepliaklqana


Innate Abilities, Weirdness & Mutations

You cannot wear boots.
Your serpentine skin is tough. (AC +2)
You have supernaturally acute eyesight. (SInv)
Armour fits poorly on your strangely shaped body.
Your system is resistant to poisons. (rPois)
You cover ground very slowly.
You have a slow metabolism.
You can spit poison.


Message History

The scorpion misses you.
You barely miss the scorpion.
The scorpion is heavily wounded.
You feel sick. The scorpion stings you.
* * * LOW HITPOINT WARNING * * *
As you read the scroll labeled BIESOM EJORRO, it crumbles to dust.
You feel aware of your surroundings.
It was a scroll of magic mapping.
The scorpion stings you.
* * * LOW HITPOINT WARNING * * *
As you read the scroll labeled YPYNNO PUAROGH, it crumbles to dust.
You feel blessed for a moment.
It was a scroll of remove curse.
* * * LOW HITPOINT WARNING * * *
You feel sick.
The scorpion stings you but does no damage.
As you read the scroll labeled KEARRA LIRUVE, it crumbles to dust.
It is a scroll of enchant weapon.
Your +2 vampiric dagger glows red for a moment.
* * * LOW HITPOINT WARNING * * *
You feel sick. The scorpion stings you.
You die...

......,,,,,,*,,*
....#,,,,,,,,,**
....#,,,,,,,***
....#,,,,,,,* #########
....#,,,,,,,* #.......#
....#,,,,,,,* #.......#
....#,,,,,,,* #.......#
#.###,,,,,,,* #.s.....#
#..##******** #.@.....#
.#..#### ###.......#
..#....# ####.........#
....##.###....#.......#
.##........#.##.......#
.#####.......##.......#
....##...##############
.......#.# .........#


You could see a scorpion.

Vanquished Creatures
  A sky beast (D:3)
  The ghost of Hekarica the Sneak, an amateur NaAs (D:3)
  2 adders (D:3)
  2 worms (D:2)
  5 dart slugs
  A leopard gecko (D:1)
  4 orcs (D:3)
  7 bats
  4 giant cockroaches
  4 goblins (D:2)
  5 hobgoblins
  5 kobolds
  3 frilled lizards
  4 rats
48 creatures vanquished.

Notes
Turn   | Place    | Note
-------+----------+-------------------------------------------
     0 | D:1      | Hekarica the Naga Assassin began the quest for the Orb.
     0 | D:1      | Reached XP level 1. HP: 19/19 MP: 1/1
    23 | D:1      | Reached skill level 1 in Dodging
    68 | D:1      | Reached skill level 6 in Stealth
   104 | D:1      | Reached XP level 2. HP: 25/26 MP: 2/2
   807 | D:2      | Found a snail-covered altar of Cheibriados.
   999 | D:2      | Became a worshipper of Cheibriados the Contemplative
  1121 | D:2      | Reached XP level 3. HP: 31/33 MP: 3/3
  1689 | D:3      | Found a hazy altar of Hepliaklqana.
  1689 | D:3      | Found a shadowy altar of Dithmenos.
  1709 | D:3      | Noticed Hekarica's ghost (amateur NaAs)
  1716 | D:3      | Reached XP level 4. HP: 40/40 MP: 4/4
  1769 | D:3      | Killed Hekarica's ghost
  1769 | D:3      | Reached skill level 7 in Stealth
  1769 | D:3      | Reached XP level 5. HP: 13/49 MP: 5/5
  1797 | D:3      | Reached * piety under Cheibriados
  2023 | D:3      | Noticed a sky beast
  2043 | D:3      | Killed a sky beast
  2043 | D:3      | Reached XP level 6. HP: 42/56 MP: 6/6
  2195 | D:3      | Slain by a scorpion

Skill      XL: |  1  2  3  4  5 |
---------------+----------------+-----
Dodging        | 1 2 3 |  3.5
Stealth        | 6 7 |  7.5
Fighting       | 3 |  3.4
Short Blades   | |  2.0
Throwing       | |  1.7

Action                   |  1- 3 |  4- 6 || total
-------------------------+-------+-------++-------
Melee: Dagger            |   100 |   133 ||   233
  Use: Scroll            |     2 |     3 ||     5
       Potion            |       |     4 ||     4
 Stab: Sleeping          |    14 |       ||    14
  Eat: Ration            |     2 |       ||     2
       Chunk             |     1 |       ||     1
Armor: Robe              |     5 |       ||     5
       Leather armour    |    24 |    34 ||    58
       Skin              |       |    75 ||    75
Dodge: Dodged            |    61 |    54 ||   115
